 Dungeon Crawl Stone Soup version 0.18.1-50-g88ac8fd (webtiles) character file.

84 Gargoyl the Skirmisher (level 4, -2/37 HPs)
             Began as a Demonspawn Abyssal Knight on Sept 15, 2016.
             Was a Believer of Lugonu.
             Killed by nerve-wracking pain
             ... invoked by a shadow imp
             ... summoned by Natasha
              (12 damage)
             ... on level 2 of the Dungeon.
             The game lasted 00:03:26 (1754 turns).

Gargoyl the Skirmisher (Demonspawn Abyssal Knight)  Turns: 1754, Time: 00:03:26

Health: -2/37      AC:  9    Str: 14    XL:     4   Next: 24%
Magic:  5/5        EV: 11    Int: 13    God:    Lugonu [**....]
Gold:   47         SH:  0    Dex: 17    Spells: 0 memorised, 3 levels left

rFire  . . .     SeeInvis .     a - +1 hand axe
rCold  . . .     Gourm    .     g - +0 chain mail
rNeg   . . .     Faith    .     (no shield)
rPois  .         Spirit   .     (helmet restricted)
rElec  .         Dismiss  .     (no cloak)
rCorr  .         Reflect  .     (no gloves)
SustAt .         Harm     .     (no boots)
MR     .....     Rnd*Tele +     (no amulet)
Stlth  ..........               j - ring of teleportation (curse)
                                (no ring)

@: agile, not resistant to hostile enchantments, extremely unstealthy
A: antennae 1, powered by pain 1
a: Depart the Abyss, Bend Space, Renounce Religion


You were on level 2 of the Dungeon.
You worshipped Lugonu.
Lugonu was pleased with you.
You were not hungry.

You visited 1 branch of the dungeon, and saw 2 of its levels.
You visited the Abyss 1 time.

You collected 47 gold pieces.

Inventory:

Hand Weapons
 a - a +1 hand axe (weapon)
Armour
 g - a +0 chain mail (worn)
 i - a cursed +0 scale mail
Jewellery
 j - a cursed ring of teleportation (right hand)
Comestibles
 c - 2 bread rations
 d - a royal jelly
 f - 2 chunks of flesh
 k - a slice of pizza


   Skills:
 + Level 3.8 Fighting
 + Level 2.0 Axes
 * Level 3.0 Armour
 + Level 1.5 Dodging
 + Level 2.4 Invocations


You had 3 spell levels left.
You didn't know any spells.

Dungeon Overview and Level Annotations

Branches:
Dungeon (2/15)

Altars:

Annotations:
D:2 Natasha


Innate Abilities, Weirdness & Mutations

You have a pair of small antennae on your head.
You sometimes gain a little power by taking damage.


Message History

You hit the shadow imp.
The shadow imp is severely wounded.
Natasha closely misses you. The shadow imp closely misses you.
Unknown command.
You closely miss Natasha.
Natasha is moderately wounded.
Your chain mail prevents you from hitting the shadow imp.
The shadow imp is severely wounded.
Natasha claws you.
* * * LOW HITPOINT WARNING * * *
The shadow imp completely misses you.
You hit Natasha.
Natasha is severely wounded.
You hit the shadow imp but do no damage.
The shadow imp is severely wounded.
Natasha claws you.
* * * LOW HITPOINT WARNING * * *
The shadow imp gestures at you. Pain shoots through your body!
You die...

#.# #.# .## #######.##
##.######...##
.........###...##........
########..†..†....##...#
#.###...#..#.#.### #.#
##........... #<#
#..#..#.#.###
#.####..#$........
........#@.#.#.##.
.........h5...#
.........>.#.##
....).......#
###########...... ......
..... ..... ....


You could see Natasha and a shadow imp.

Vanquished Creatures
  Natasha (D:2)
  2 adders (D:2)
  2 dart slugs (D:1)
  A giant gecko (D:1)
  12 bats
  4 hobgoblins
  A ball python (D:1)
  A giant newt (D:1)
  6 goblins
  4 kobolds
  5 rats (D:1)
39 creatures vanquished.

Notes
Turn   | Place    | Note
--------------------------------------------------------------
     0 | Abyss:1  | Gargoyl the Demonspawn Abyssal Knight began the quest for the Orb.
     0 | Abyss:1  | Reached XP level 1. HP: 18/18 MP: 2/2
    81 | Abyss:2  | Noticed a small abomination
    81 | Abyss:2  | Noticed a small abomination
   100 | D:1      | Escaped the Abyss
   308 | D:1      | Reached skill level 1 in Dodging
   329 | D:1      | Reached * piety under Lugonu
   329 | D:1      | Gained mutation: You sometimes gain a little power by taking damage. [demonic ancestry]
   329 | D:1      | Reached XP level 2. HP: 22/24 MP: 3/3
  1134 | D:1      | Reached XP level 3. HP: 30/30 MP: 4/4
  1551 | D:2      | Noticed Natasha
  1561 | D:2      | Killed Natasha
  1561 | D:2      | Gained mutation: You have a pair of small antennae on your head. [demonic ancestry]
  1561 | D:2      | Reached XP level 4. HP: 30/37 MP: 5/5
  1616 | D:2      | Reached ** piety under Lugonu
  1733 | D:2      | Noticed Natasha
  1754 | D:2      | Killed from afar by a shadow imp

Skill      XL: |  1  2  3  4 |
---------------+-------------+-----
Dodging        | 1 |  1.5
Armour         | 2 3 |  3.0
Axes           | 2 |  2.0
Fighting       | |  3.8
Invocations    | |  2.4

Action                   |  1- 3 |  4- 6 || total
-------------------------+-------+-------++-------
Melee: Hand axe          |   144 |    32 ||   176
Invok: Depart the Abyss  |     1 |       ||     1
  Use: Scroll            |     5 |       ||     5
       Potion            |       |     3 ||     3
  Eat: Chunk             |     2 |       ||     2
       Bread ration      |     1 |       ||     1
Armor: Chain mail        |   139 |    53 ||   192
Dodge: Dodged            |    71 |    51 ||   122
